 Dungeon Crawl Stone Soup version 0.16.1 (webtiles) character file.

58 Fiveotanaka the Cudgeler (level 3, 0/30 HPs)
             Began as a Minotaur Assassin on Mar 24, 2015.
             Succumbed to Terence's poison
             ... on level 2 of the Dungeon.
             The game lasted 00:02:21 (1283 turns).

Fiveotanaka the Cudgeler (Minotaur Assassin)        Turns: 1283, Time: 00:02:22

Health: 0/30       AC:  6    Str: 15    XL:     3   Next: 76%
Magic:  2/2        EV: 11    Int:  6    God:
Gold:   146        SH:  0    Dex: 12    Spells: 0 memorised, 2 levels left

rFire  . . .     SeeInvis .     j - +0 mace
rCold  . . .     Clarity  .     m - +0 ring mail (curse)
rNeg   . . .     SustAb   .     (no shield)
rPois  .         Gourm    .     (helmet restricted)
rElec  .         Spirit   .     d - +0 cloak
rCorr  .         Warding  .     (no gloves)
rMut   .         Stasis   .     (no boots)
MR     +....                    (no amulet)
Stlth  +.........               (no ring)
                                (no ring)

@: lethally poisoned (0 -> -6), somewhat resistant to hostile enchantments, very
unstealthy
A: retaliatory headbutt, horns 2, dopey 1, magic resistance 1, mutation
resistance 1
a: no special abilities


You were on level 2 of the Dungeon.
You were not hungry.

You visited 1 branch of the dungeon, and saw 2 of its levels.

You collected 146 gold pieces.

Inventory:

Hand weapons
 a - a +2 dagger
 b - a +0 blowgun
 j - a +0 mace (weapon)
Missiles
 e - 8 poisoned needles
 f - 2 curare-tipped needles
Armour
 c - a +0 robe
 d - a +0 cloak (worn)
 m - a cursed +0 ring mail (worn)
Scrolls
 h - a scroll of noise {unknown}
 k - 6 scrolls of identify {unknown}
 p - a scroll of recharging {unknown}
Potions
 l - a potion of mutation
 o - a potion of resistance {unknown}
 q - a potion of curing {unknown}
Comestibles
 g - 2 bread rations
 i - 2 meat rations
 n - 3 chunks of flesh


   Skills:
 - Level 2.4 Fighting
 - Level 2.1 Short Blades
 + Level 3.9 Maces & Flails
 - Level 2.0 Throwing
 - Level 1.5 Dodging
 - Level 3.2 Stealth


You had 2 spell levels left.
You didn't know any spells.

Dungeon Overview and Level Annotations

Branches:
Dungeon (2/15)

Altars:

Annotations:
D:2 Crazy Yiuf, Terence


Innate Abilities, Weirdness & Mutations

You reflexively headbutt those who attack you in melee.
You have a pair of horns on your head.
You are dopey. (Int -2)
You are resistant to hostile enchantments.
You are somewhat resistant to further mutation.


Message History

* * * LOW HITPOINT WARNING * * *
You feel sick. Terence screams, "I want your blood!"
Crazy Yiuf waves his quarterstaff at you.
* * * LOW HITPOINT WARNING * * *
You feel sick.
* * * LOW HITPOINT WARNING * * *
You feel sick.
* * * LOW HITPOINT WARNING * * *
You feel sick.
* * * LOW HITPOINT WARNING * * *
You feel sick.
* * * LOW HITPOINT WARNING * * *
You feel sick.
Drink which item? (? for menu, Esc to quit)
It was a potion of mutation.
You feel extremely strange.
You feel resistant to hostile enchantments.
You feel genetically stable.
You feel stupid. Terence barely misses you.
You die...

#......♣ #. #..))P♣♣ ##
#.###♣♣ #.# #### #.# #..#
#g# ############.#### #.#
#................
#.#######........).......
#....g@.@......###...####
################ #####


You could see Terence and Crazy Yiuf.

Vanquished Creatures
  An adder (D:2)
  2 worms (D:2)
  2 giant geckos (D:2)
  A giant cockroach (D:1)
  7 goblins
  6 hobgoblins
  3 kobolds (D:1)
  A ball python (D:1)
  7 bats
  A giant newt (D:1)
  6 rats
37 creatures vanquished.

Notes
Turn   | Place    | Note
--------------------------------------------------------------
     0 | D:1      | Fiveotanaka, the Minotaur Assassin, began the quest for the Orb.
     0 | D:1      | Reached XP level 1. HP: 18/18 MP: 1/1
   199 | D:1      | Reached skill level 1 in Maces & Flails
   220 | D:1      | Reached XP level 2. HP: 18/25 MP: 1/1
   861 | D:2      | Reached XP level 3. HP: 30/30 MP: 2/2
  1259 | D:2      | Noticed Terence
  1265 | D:2      | Noticed Crazy Yiuf
  1281 | D:2      | HP: 1/30 [poisoned by Terence]
  1282 | D:2      | Gained mutation: You are resistant to hostile enchantments. [potion of mutation]
  1282 | D:2      | Gained mutation: You are somewhat resistant to further mutation. [potion of mutation]
  1282 | D:2      | Gained mutation: You are dopey. (Int -2) [potion of mutation]
  1283 | D:2      | Succumbed to Terence's poison

Action                   || total
-------------------------++-------
Melee: Dagger            ||     6
       Mace              ||    91
  Use: Potion            ||     1
 Stab: Sleeping          ||     2
  Eat: Chunk             ||     1
